 Dungeon Crawl Stone Soup version 0.22-a0-305-gd21a89c (webtiles) character file.

77 Firecrotchwizard the Ruffian (level 4, 0/45 HPs)
             Began as a Troll Monk on Mar 28, 2018.
             Was a Believer of Makhleb.
             Slain by Grinder (4 damage)
             ... while paralysed by Grinder
             ... on level 3 of the Dungeon.
             The game lasted 00:02:02 (1558 turns).

Firecrotchwizard the Ruffian (Troll Monk)           Turns: 1558, Time: 00:02:02

Health: 0/45       AC:  5    Str: 19    XL:     4   Next: 14%
Magic:  3/3        EV:  1    Int:  6    God:    Makhleb [**....]
Gold:   156        SH:  0    Dex: 13    Spells: 3/3 levels left

rFire    + . .     SeeInvis .     - Unarmed
rCold    . . .     Gourm    +   (no shield)
rNeg     . . .     Faith    .   a - +0 robe
rPois    .         Spirit   .   (helmet restricted)
rElec    .         Reflect  .   (no cloak)
rCorr    .         Harm     .   (gloves unavailable)
MR       .....                  (boots unavailable)
Stlth    ++........             (no amulet)
HPRegen  0.55/turn              j - ring of protection from fire {rF+, !d}
MPRegen  0.08/turn              (no ring)

@: paralysed
A: large, unfitting armour, claws 3, fast metabolism 3, gourmand, regeneration
1, shaggy fur 1, tough skin 2
a: Minor Destruction, Renounce Religion


You were on level 3 of the Dungeon.
You worshipped Makhleb.
Makhleb was pleased with you.
You were completely stuffed.

You visited 1 branch of the dungeon, and saw 3 of its levels.

You collected 156 gold pieces.

Inventory:

Hand Weapons
 f - a +0 dagger of flaming
   (You took it off a goblin on level 1 of the Dungeon)
Missiles
 l - 3 curare-tipped needles
Armour
 a - a +0 robe (worn)
Jewellery
 j - a ring of protection from fire (left claw) {rF+, !d}
   (You found it on level 2 of the Dungeon)
Scrolls
 c - a scroll of remove curse {unknown}
 d - a scroll of magic mapping {unknown}
 g - a scroll of teleportation {unknown}
 h - 2 scrolls of identify {unknown}
 k - a scroll of enchant armour {unknown}
Potions
 e - a potion of lignification {unknown}
 i - a potion of resistance {unknown}
Comestibles
 b - 6 rations {@e1}


   Skills:
 + Level 3.0 Fighting
 - Level 2.4 Dodging
 - Level 1.0 Stealth
 * Level 4.4 Unarmed Combat


You had 3 spell levels left.
You didn't know any spells.

Dungeon Overview and Level Annotations

Branches:
Dungeon (3/15)

Altars:
Hepliaklqana
Makhleb
Qazlal
Sif Muna
Uskayaw

Annotations:
D:3 Grinder


Innate Abilities, Weirdness & Mutations

You are too large for most types of armour.
You have claws for hands.
Your metabolism is lightning-fast.
You like to eat raw meat.
Your natural rate of healing is unusually fast.
You are covered in fur. (AC +1)
You have very tough skin. (AC +2)


Message History

You kill the giant cockroach!
Makhleb accepts your kill.
You feel better.
You feel sick.
No target in view!
No target in view!
You start resting.
You feel sick. x2
You feel yourself speed up.
You regained 2 hp, and now have 30/37 hp.
You start resting.
You feel sick. x3
A bat comes into view.
You regained 3 hp, and now have 33/37 hp.
A bat is nearby!
A bat is nearby!
A bat is nearby!
You feel sick.
You are no longer poisoned.
You take 1 damage, and have 32/37 hp.
You barely miss the bat. The bat barely misses you.
You claw the bat!
You kill the bat!
Makhleb accepts your kill.
No target in view!
You butcher the bat corpse.
g - a chunk of flesh {@w0} Eating a chunk of flesh {@w0}.
You eat the chunk of flesh {@w0}.
This raw flesh tastes great.
You butcher the giant cockroach corpse.
g - 2 chunks of flesh {@w0} Eating one of 2 chunks of flesh {@w0}.
You eat one of the 2 chunks of flesh {@w0}.
This raw flesh tastes great.
l - 2 curare-tipped needles You see here an uncursed blowgun.
Health restored: 37
l - 3 curare-tipped needles (gained 1)
There is a hazy altar of Hepliaklqana here.
h - 2 scrolls labeled WIMNABRIMAY (gained 1)
An adder and a hobgoblin come into view.
The hobgoblin shouts!
The adder hisses angrily.
There are monsters nearby!
A rat comes into view.
You barely miss the hobgoblin. The hobgoblin hits you with a club.
You take 2 damage, and have 35/37 hp.
You claw the adder!
You kill the adder!
Makhleb accepts your kill.
You feel better.
You have reached level 4!
The hobgoblin hits you with a club.
You regained 6 hp, and now have 41/45 hp.
MP restored: 3 You scratch the hobgoblin but do no damage.
The hobgoblin misses you.
You barely miss the hobgoblin. The rat bites you but does no damage.
You claw the hobgoblin!
You kill the hobgoblin!
Makhleb accepts your kill. The rat barely misses you.
You scratch the rat. The rat bites you but does no damage.
You closely miss the rat.
A rat is nearby!
You claw the rat!
You kill the rat!
Makhleb accepts your kill.
You feel better.
Health restored: 45 No target in view!
You now have 141 gold pieces (gained 11).
Eating a chunk of flesh {@w0}.
You eat the chunk of flesh {@w0}.
This raw flesh tastes great.
Found a stone staircase leading down.
b - 6 rations {@e1} (gained 1)
g - a scroll labeled OKIMYI SAPSIU You now have 156 gold pieces (gained 15).
Grinder comes into view.
Grinder shouts!
Grinder gestures at you. Pain shoots through your body!
You take 8 damage, and have 37/45 hp.
You claw Grinder! Grinder hits you.
You writhe in agony.
You take 12 damage, and have 26/45 hp.
MASSIVE DAMAGE!!
You claw Grinder! Grinder hits you.
You writhe in agony.
You take 4 damage, and have 22/45 hp.
You scratch Grinder. Grinder gestures at you.
You suddenly lose the ability to move!
Grinder hits you but does no damage. Grinder gestures at you.
Pain shoots through your body!
* * * LOW HITPOINT WARNING * * *
Grinder hits you.
* * * LOW HITPOINT WARNING * * *
You writhe in agony.
* * * LOW HITPOINT WARNING * * *
Grinder hits you.
* * * LOW HITPOINT WARNING * * *
You writhe in agony.
You die...

##..... #+## #.....#
#... #.....### ..#
#.....#.. ..#
#.....#.###.########
#.....#.##.........#
#.....#.....#.....+ .
###...........###....
#......#..#@.......
#.####.#..#5###....
#........>.... ..
#######.#.##.#.
#.<.###.#.##.#.#
#...'...#.##.# #
######.......#+##
#.....####.....#
#.###.####.....#


You could see Grinder.

Vanquished Creatures
  2 adders (D:3)
  3 worms (D:2)
  2 dart slugs
  2 leopard geckos
  7 bats
  A giant cockroach (D:3)
  7 goblins
  2 hobgoblins
  4 jackals (D:2)
  A quokka (D:2)
  5 frilled lizards
  6 kobolds
  4 rats
46 creatures vanquished.

Notes
Turn   | Place    | Note
-------+----------+-------------------------------------------
     0 | D:1      | Firecrotchwizard the Troll Monk began the quest for the Orb.
     0 | D:1      | Reached XP level 1. HP: 22/22 MP: 0/0
   208 | D:1      | Reached XP level 2. HP: 24/29 MP: 1/1
   684 | D:2      | Reached XP level 3. HP: 36/36 MP: 2/2
   730 | D:2      | Reached skill level 4 in Unarmed Combat
   822 | D:2      | Found a burning altar of Makhleb.
   824 | D:2      | Found a hide-covered altar of Uskayaw.
   862 | D:2      | Became a worshipper of Makhleb the Destroyer
   862 | D:2      | Reached * piety under Makhleb
   862 | D:2      | Reached ** piety under Makhleb
   948 | D:2      | Found a stormy altar of Qazlal.
  1411 | D:2      | Found a deep blue altar of Sif Muna.
  1441 | D:3      | Found a hazy altar of Hepliaklqana.
  1449 | D:3      | Reached skill level 3 in Fighting
  1498 | D:3      | Reached XP level 4. HP: 45/45 MP: 3/3
  1548 | D:3      | Noticed Grinder
  1554 | D:3      | Paralysed by Grinder for 5 turns
  1556 | D:3      | HP: 10/45 [Grinder/nerve-wracking pain (13)]
  1558 | D:3      | HP: 4/45 [Grinder (1)]
  1558 | D:3      | Slain by Grinder

Vault maps used:
D:1:      eino_arrival_cavern_a, st_stairs_10
D:2:      led_sif_pool, nicolae_qazlal_eye_of_the_storm,
          grunt_temple_overflow_open
D:3:      nicolae_overflow_crystal_walls, old_standard_altar, marbit_many_paths,
          fiery_altar_vehumet, uniq_grinder, uniq_robin, uniq_ijyb

Skill      XL: |  1  2  3 |
---------------+----------+-----
Unarmed Combat | 4 |  4.4
Fighting       | 3 |  3.0
Dodging        | |  2.4
Stealth        | |  1.0

Action                   |  1- 3 |  4- 6 || total
-------------------------+-------+-------++-------
Melee: Unarmed           |    99 |     9 ||   108
       Punch             |     1 |       ||     1
 Stab: Sleeping          |     4 |       ||     4
  Eat: Chunk             |    19 |     1 ||    20
Armor: Robe              |    35 |     3 ||    38
Dodge: Dodged            |    54 |     2 ||    56

Table legend:
 A = Spawn XP
 B = Non-spawn XP
 C = Spawn XP percentage of total XP
 D = Spawn monster count
 E = Non-spawn monster count
 F = Spawn count percentage of total count
 G = Total turns spent on level
                    A         B        C        D         E        F      G
               +---------+---------+-------+---------+---------+-------+---------
         Total |       0 |     111 |   0.0 |       0 |      46 |   0.0 |  1558
               +---------+---------+-------+---------+---------+-------+---------
           D:1 |       0 |      29 |   0.0 |       0 |      17 |   0.0 |   593
           D:2 |       0 |      48 |   0.0 |       0 |      22 |   0.0 |   844
           D:3 |       0 |      34 |   0.0 |       0 |       7 |   0.0 |   121
               +---------+---------+-------+---------+---------+-------+---------

Vault maps used:
D:1:      eino_arrival_cavern_a, st_stairs_10
D:2:      led_sif_pool, nicolae_qazlal_eye_of_the_storm,
          grunt_temple_overflow_open
D:3:      nicolae_overflow_crystal_walls, old_standard_altar, marbit_many_paths,
          fiery_altar_vehumet, uniq_grinder, uniq_robin, uniq_ijyb

Table legend:
 A = Turns spent in this place as a percentage of turns spent in the entire game.
 B = Non-inter-level travel turns spent in this place as a percentage of non-inter-level travel turns spent in the entire game.
 C = Inter-level travel turns spent in this place as a percentage of turns spent in this place.
 D = Turns resting spent in this place as a percentage of non-inter-level travel turns spent in this place.
 E = Turns spent auto-exploring this place as a percentage of non-inter-level travel turns spent in this place.
 F = Non-inter-level travel turns spent in this place divided by the number of levels of this place that you've seen.
                   A       B       C       D       E      F
               +-------+-------+-------+-------+-------+----------------------
         Total | 100.0 | 100.0 |   2.2 |   1.2 |  81.4 | 507.7
       Dungeon | 100.0 | 100.0 |   2.2 |   1.2 |  81.4 | 507.7
               +-------+-------+-------+-------+-------+----------------------

Table legend:
 A = Kills in this place as a percentage of kills in entire the game.
 B = Kills by you in this place as a percentage of kills by you in the entire game.
 C = Kills by friends in this place as a percentage of kills by friends in the entire game.
 D = Other kills in this place as a percentage of other kills in the entire game.
 E = Experience gained in this place as a percentage of experience gained in the entire game.
 F = Experience gained in this place divided by the number of levels of this place that you have seen.
                   A       B       C       D       E      F
               +-------+-------+-------+-------+-------+----------------------
         Total | 100.0 | 100.0 |   N/A |   N/A | 100.0 |  37.0
       Dungeon | 100.0 | 100.0 |   N/A |   N/A | 100.0 |  37.0
               +-------+-------+-------+-------+-------+----------------------
